 Dungeon Crawl Stone Soup version 0.31.0-9-g3a7656b989 (webtiles) character file.

Game seed: 1104062029535855005

9 Colgate the Poker (level 2, 24/24 HPs)
             Began as a Demonspawn Chaos Knight on Feb 3, 2024.
             Was a Plaything of Xom.
             Quit the game on level 1 of the Dungeon.
             The game lasted 00:00:08 (229 turns).

Colgate the Poker (Demonspawn Chaos Knight)          Turns: 229, Time: 00:00:09

Health: 24/24      AC:  5    Str: 12    XL:     2   Next: 3%
Magic:  2/2        EV: 11    Int: 12    God:    Xom [..*...]
Gold:   0          SH:  0    Dex: 12    Spells: 1/1 levels left

rFire   . . .        a - +0 spear (chaos)
rCold   . . .        (no shield)
rNeg    . . .        b - +2 leather armour
rPois   .            (no helmet)
rElec   .            (no cloak)
rCorr   .            (no gloves)
SInv    .            (no boots)
Will    .....        (no amulet)
Stlth   +            (no ring)
HPRegen 0.24/turn    (no ring)
MPRegen 0.08/turn

%: no passive effects
@: no status effects
A: demonic touch 1
a: Renounce Religion


You were on level 1 of the Dungeon.
You worshipped Xom.
You were a toy of Xom.
You visited 1 branch of the dungeon, and saw 1 of its levels.

Inventory:

Hand Weapons
 a - a +0 spear of chaos (weapon)
Armour
 b - a +2 leather armour (worn)
Scrolls
 c - a scroll of butterflies


   Skills:
 - Level 3.0 Fighting
 + Level 3.2 Polearms
 - Level 1.7 Armour
 - Level 0.8 Dodging


You had one spell level left.
You didn't know any spells.
Your spell library was empty.

Dungeon Overview and Level Annotations

Branches:
Dungeon (1/15)

Altars:


Innate Abilities, Weirdness & Mutations

Your touch may inflict minor irresistible damage on your foes.


Message History

No target in view!
Key pressed, stopping explore.
No target in view!
Key pressed, stopping explore.
No target in view!
Key pressed, stopping explore.
No target in view!
Key pressed, stopping explore.
No target in view!
Key pressed, stopping explore.
No target in view!
A ball python comes into view.
Found 6 poisoned darts.
The ball python hisses angrily.
A ball python is nearby!
A kobold comes into view. It is wielding a +0 whip.
There are monsters nearby!
You hit the ball python. You burn the ball python.
You kill the ball python!
A kobold is nearby!
A kobold comes into view. It is wielding a +0 dagger.
The kobold shouts!
You see here a ball python corpse.
There are monsters nearby!
The kobold shouts!
A quokka comes into view.
There are monsters nearby!
You reach to attack!
You closely miss the kobold.
There are monsters nearby!
You reach to attack!
You completely miss the kobold.
There are monsters nearby!
You closely miss the kobold.
The kobold throws a stone.
The stone hits you but does no damage.
There are monsters nearby!
You hit the kobold.
You kill the kobold!
You have reached level 2!
Your demonic ancestry asserts itself...
Your hands begin to faintly glow with unholy energy.
Are you sure you want to abandon this character and quit the game? (Confirm with "yes".)

......##............
..##.##.........###
#. #.##........###.
##.##...............
#..!.##.........##..
####.##.#######.#...
#.##.# #.#...
###+####†...##
#.#..#
.......@.....#
#....#
.....rK).....#
#......
.............#
#......
......(......#
#....>.
.............#
#......
###########....
...... .##. ...... .
#...... ......


You could see a quokka and a kobold.

Vanquished Creatures
  2 goblins (D:1)
  A kobold (D:1)
  A quokka (D:1)
  A ball python (D:1)
  A frilled lizard (D:1)
  3 rats (D:1)
9 creatures vanquished.

Notes
Turn   | Place    | Note
-------+----------+-------------------------------------------
     0 | D:1      | Colgate the Demonspawn Chaos Knight began the quest for the
                  | Orb.
     0 | D:1      | Reached XP level 1. HP: 18/18 MP: 1/1
   229 | D:1      | Gained mutation: Your touch may inflict minor irresistible
                  | damage on your foes. [demonic ancestry]
   229 | D:1      | Reached XP level 2. HP: 24/24 MP: 2/2
   229 | D:1      | Quit the game

Illustrated notes

Levels and vault maps discovered:
D:1:      tarquinn_simple_flora_water_a, layout_basic

Skill      XL: |  1 |
---------------+----+-----
Polearms       | 3 |  3.2
Fighting       | |  3.0
Armour         | |  1.7
Dodging        | |  0.8

Action                     || total
---------------------------++-------
  Melee: Spear             ||    29
 Armour: Leather armour    ||    10
  Dodge: Dodged            ||     6
